 Dungeon Crawl Stone Soup version 0.27.1 (webtiles) character file.

Game seed: 12836957758873208542

78 nxtlvl the Poker (level 4, 0/28 HPs)
             Began as a Tengu Abyssal Knight on Aug 29, 2021.
             Was a Believer of Lugonu.
             Slain by an orc (3 damage)
             ... on level 4 of the Dungeon.
             The game lasted 00:12:15 (983 turns).

nxtlvl the Poker (Tengu Abyssal Knight)              Turns: 983, Time: 00:12:16

Health: 0/28       AC:  3    Str: 12    XL:     4   Next: 36%
Magic:  6/6        EV: 11    Int: 13    God:    Lugonu [**....]
Gold:   58         SH:  0    Dex: 14    Spells: 2/3 levels left

rFire    . . .     SeeInvis .   b - +0 halberd
rCold    . . .     Faith    .   (shield currently unavailable)
rNeg     . . .     Spirit   .   d - +0 leather armour
rPois    .         Reflect  .   (helmet restricted)
rElec    .         Harm     .   (no cloak)
rCorr    .         Rampage  .   (no gloves)
Will     .....                  (boots unavailable)
Stlth    +.........             (no amulet)
HPRegen  0.09/turn              (no ring)
MPRegen  0.10/turn              (no ring)

@: confused
A: beak, talons 3
a: Renounce Religion, Depart the Abyss, Bend Space


You were on level 4 of the Dungeon.
You worshipped Lugonu.
Lugonu was pleased with you.
You visited 1 branch of the dungeon, and saw 4 of its levels.
You visited the Abyss 1 time.

You collected 107 gold pieces.
You spent 49 gold pieces at shops.

Inventory:

Hand Weapons
 a - a +1 spear
 b - a +0 halberd (weapon)
Missiles
 f - 33 arrows
 p - 11 bolts
 q - 31 sling bullets
Armour
 c - a +0 chain mail
 d - a +0 leather armour (worn)
 e - a +0 buckler
Scrolls
 j - a scroll of noise {unknown}
 k - 2 scrolls of teleportation {unknown}
 l - 2 scrolls of acquirement {unknown}
 o - a scroll of enchant armour {unknown}
Potions
 i - a potion of mutation
 m - a potion of cancellation


   Skills:
 - Level 3.0 Fighting
 + Level 3.7 Polearms
 - Level 2.1 Armour
 - Level 1.1 Dodging
 * Level 3.5 Conjurations
 - Level 1.5 Invocations


You had 2 spell levels left.
You knew the following spells:

 Your Spells              Type           Power      Damage    Failure   Level
z - Magic Dart            Conj           36%        1d4       9%          1

Your spell library contained the following spells:

 Spells                   Type           Power      Damage    Failure   Level
 Searing Ray              Conj           18%        3d3       14%         2
 Slow                     Hex            0%         N/A       52%         2
 Confusing Touch          Hex            0%         N/A       75%         3
 Vampiric Draining        Necr           0%         2d6       75%         3
 Fulminant Prism          Conj/Hex       2%         3d6       88%         4


Dungeon Overview and Level Annotations

Branches:
Dungeon (4/15)
 Temple: D:4-7

Altars:
Qazlal

Shops:
D:1 (

Annotations:
D:4 Ijyb, Menkaure


Innate Abilities, Weirdness & Mutations

You have a beak for a mouth.
You have claws for feet.


Message History

The orc wizard is moderately wounded.
The orc wizard hits you with a +0 dagger.
The orc wizard hits you but does no damage.
You hit the orc wizard. Your kick misses the orc wizard.
Your peck misses the orc wizard.
The orc wizard is severely wounded.
The orc wizard hits you with a +0 dagger.
You barely miss the orc wizard. Your kick misses the orc wizard.
The orc wizard is severely wounded.
The orc wizard hits you with a +0 dagger.
* * * LOW HITPOINT WARNING * * *
The orc wizard gestures wildly while chanting.
The orc wizard flickers and vanishes!
Deactivating autopickup; reactivate with Ctrl-A.
You closely miss the orc wizard. Your kick misses the orc wizard.
You peck the orc wizard.
The orc wizard is almost dead.
The orc wizard hits you with a +0 dagger.
* * * LOW HITPOINT WARNING * * *
You barely miss the orc wizard.
The orc wizard is almost dead.
The orc wizard barely misses you.
The orc wizard hits you but does no damage.
You hit the orc wizard.
You kill the orc wizard!
Lugonu accepts your kill.
You can now bend space around yourself.
Something hits you.
* * * LOW HITPOINT WARNING * * *
You have reached level 4!
You feel clever.
Okay, then.
Magic scrolls do not work when you're silenced!
Unknown command.
You are confused.
You bump into the rock wall.
Something tries to affect you, but you resist.
You bump into the rock wall.
Your hearing returns.
The orc hits you with a +0 club.
You die...

###.#####
..o)o...# #)#
#.# ###o#
#...# #o###
#@# #.# #.#
#.# #.# #.#
#.#
.###########.#
.............#


You could see an orc priest and an orc.

Vanquished Creatures
  An orc wizard (D:4)
  2 gnolls
  6 endoplasms
  4 goblins
  6 hobgoblins
  2 quokkas (D:1)
  3 ball pythons
  4 bats
  2 frilled lizards
  A kobold (D:1)
  3 rats
34 creatures vanquished.

Notes
Turn   | Place    | Note
-------+----------+-------------------------------------------
     0 | Abyss:1  | nxtlvl the Tengu Abyssal Knight began the quest for the
                  | Orb.
     0 | Abyss:1  | Reached XP level 1. HP: 14/14 MP: 3/3
    50 | Abyss:2  | Noticed a large abomination
    56 | Abyss:2  | Noticed a smoke demon
    59 | D:1      | Escaped the Abyss
   181 | D:2      | Reached * piety under Lugonu
   246 | D:3      | Reached XP level 2. HP: 10/19 MP: 4/4
   253 | D:3      | Learned a level 1 spell: Magic Dart
   442 | D:1      | Reached skill level 1 in Conjurations
   523 | D:1      | Found a faded altar of an unknown god.
   610 | D:1      | Reached XP level 3. HP: 16/23 MP: 5/5
   668 | D:1      | Found Sod Nobo's Weapon Shop.
   675 | D:1      | Bought a +0 trident for 49 gold pieces
   788 | D:4      | Noticed Ijyb
   822 | D:3      | Found a stormy altar of Qazlal.
   844 | D:4      | Noticed Menkaure
   976 | D:4      | Reached ** piety under Lugonu
   977 | D:4      | Reached XP level 4. HP: 2/28 MP: 6/6
   983 | D:4      | Slain by an orc

Illustrated notes

Levels and vault maps discovered:
D:1:      scummos_arrival_gate, layout_basic, serial_shops,
          nicolae_diamond_shop, chequers_ecumenical_altar_grove
D:2:      layout_basic, kennysheep_generic_room_16
D:3:      layout_loops_ring, nicolae_qazlal_eye_of_the_storm
D:4:      layout_basic, nicolae_overflow_quartered_altars, uniq_menkaure,
          uniq_ijyb

Skill      XL: |  1  2  3 |
---------------+----------+-----
Polearms       | 3 |  3.7
Conjurations   | 1 3 |  3.5
Fighting       | |  3.0
Armour         | |  2.1
Dodging        | |  1.1
Invocations    | |  1.5

Action                   |  1- 3 |  4- 6 || total
-------------------------+-------+-------++-------
Melee: Spear             |    62 |       ||    62
       Kick              |    13 |       ||    13
       Peck              |     6 |       ||     6
       Trident           |    21 |       ||    21
       Halberd           |     9 |       ||     9
Invok: Depart the Abyss  |     1 |       ||     1
  Use: Scroll            |     6 |       ||     6
 Stab: Sleeping          |     2 |       ||     2
Armor: Leather armour    |    12 |       ||    12
Dodge: Dodged            |    24 |       ||    24
